 Dungeon Crawl Stone Soup version 0.27.1-3-gb3d3a73c9e (webtiles) character file.

Game seed: 17250097156076522731

412 Atelerd the Digger (level 6, -2/36 HPs)
             Began as an Octopode Earth Elementalist on Oct 10, 2021.
             Was a Follower of Sif Muna.
             Slain by Edmund (11 damage)
             ... on level 4 of the Dungeon.
             The game lasted 00:04:27 (3902 turns).

Atelerd the Digger (Octopode Earth Elementalist)    Turns: 3902, Time: 00:04:27

Health: -2/36      AC:  1    Str:  7    XL:     6   Next: 90%
Magic:  7/12       EV: 13    Int: 19    God:    Sif Muna [*.....]
Gold:   199        SH:  0    Dex: 13    Spells: 8/13 levels left

rFire    . . .     SeeInvis .   e - +0 short sword
rCold    . . .     Faith    .   (no shield)
rNeg     . . .     Spirit   .   (helmet restricted)
rPois    .         Reflect  .   (no amulet)
rElec    .         Harm     .   (no ring)
rCorr    .         Rampage  .   (no ring)
Will     .....                  (no ring)
Stlth    +++.......             (no ring)
HPRegen  0.12/turn              (no ring)
MPRegen  0.13/turn              (no ring)
                                (no ring)
                                (no ring)

@: no status effects
A: almost no armour, amphibious, 8 rings, camouflage 1, gelatinous body 1,
(nimble swimmer 1), tentacles
a: Renounce Religion, Channel Magic


You were on level 4 of the Dungeon.
You worshipped Sif Muna.
Sif Muna was aware of your devotion.
You visited 1 branch of the dungeon, and saw 4 of its levels.

You collected 199 gold pieces.

Inventory:

Hand Weapons
 a - a +0 falchion
 c - a +1 dagger of draining
 e - a +0 short sword (weapon)
Missiles
 b - 66 stones
 n - a throwing net
Wands
 k - a wand of flame (15)
Scrolls
 d - 3 scrolls of teleportation {unknown}
 f - 4 scrolls of immolation {unknown}
 g - 5 scrolls of identify {unknown}
 h - a scroll of acquirement {unknown}
 i - 2 scrolls of noise {unknown}
 m - a scroll of torment {unknown}
 p - a scroll of brand weapon {unknown}
Potions
 j - a potion of lignification {unknown}
 l - a potion of resistance
 o - 2 potions of attraction {unknown}
 q - a potion of curing


   Skills:
 - Level 2.0 Dodging
 - Level 2.6 Stealth
 + Level 4.0 Spellcasting
 + Level 4.0 Transmutations
 + Level 4.9 Earth Magic


You had 8 spell levels left.
You knew the following spells:

 Your Spells              Type           Power      Damage    Failure   Level
a - Sandblast             Erth           44%        2d11      1%          1
p - Petrify               Tmut/Erth      20%        N/A       22%         4

Your spell library contained the following spells:

 Spells                   Type           Power      Damage    Failure   Level
 Passwall                 Tmut/Erth      16%        N/A       3%          2
 Stone Arrow              Conj/Erth      26%        3d8       16%         3


Dungeon Overview and Level Annotations

Branches:
Dungeon (4/15)
 Temple: D:4-7

Altars:
Elyvilon
Gozag
Sif Muna
Trog

Annotations:
D:2 exclusion: 2 downstairs
D:3 Jessica, Sigmund
D:4 Edmund


Innate Abilities, Weirdness & Mutations

You cannot wear most types of armour.
You are amphibious.
You can wear up to eight rings at the same time.
Your skin changes colour to match your surroundings (Stealth+).
Your rubbery body absorbs attacks. (AC +1, EV +1)
((You are camouflaged near water. (Stealth+)))
You have tentacles for arms and can constrict up to eight enemies at once.


Message History

Aiming: Petrify (extremely dangerous; 22% risk of failure)
Press: ? - help, Shift-Dir - straight line, f/p - Edmund
Aim: Edmund, wielding a +1 flail of protection and wearing a +0 chain mail (lightly wounded, chance to affect: 50%) Edmund is moving more slowly.
Edmund hits you with a +1 flail of protection.
Unknown command.
Edmund stops moving altogether!
The helpless Edmund fails to defend himself.
You hit Edmund but do no damage. You grab Edmund.
You squeeze Edmund, but do no damage.
Edmund is lightly wounded.
You constrict Edmund, but do no damage.
The helpless Edmund fails to defend himself.
You hit Edmund.
Edmund is moderately wounded.
You constrict Edmund, but do no damage.
The helpless Edmund fails to defend himself.
You hit Edmund but do no damage.
Edmund is moderately wounded.
You constrict Edmund.
The helpless Edmund fails to defend himself.
You hit Edmund.
Edmund is moderately wounded.
You constrict Edmund, but do no damage.
The helpless Edmund fails to defend himself.
You hit Edmund.
Edmund is moderately wounded.
You constrict Edmund.
The helpless Edmund fails to defend himself.
You hit Edmund.
Edmund is moderately wounded.
You constrict Edmund, but do no damage.
Edmund is no longer petrified.
Edmund hits you with a +1 flail of protection!
* * * LOW HITPOINT WARNING * * *
You release your grip on Edmund.
Edmund says, "I might not be good at magic, but I can still kill you!"
Items here: ))) ††.
Edmund says, "People accused me of being a cutpurse!"
Edmund hits you with a +1 flail of protection!
You die...

####.### #.#...# # #<..#
#.#.#.######## #.#.#
#.#.#........# #.#.#
#.#.########.# #.# #
#.#.......#..#
#.#.####.#######.#..#
..#............#.#..#
########.##.####.#..######
#.##..@@..........#
#.#######..#####.##
...........# #.#
#.########.# #.# ..#
#.#####.# ### #....##.#
#.......# ###.♣♣..#
#.♣♣..#


You could see Edmund.

Vanquished Creatures
  Grinder (D:4)
  A hound (D:4)
  An iguana (D:4)
  5 gnolls
  4 adders
  An adder skeleton (D:4)
  A worm (D:3)
  2 dart slugs
  7 bats
  7 endoplasms
  A giant cockroach (D:1)
  3 goblins
  7 hobgoblins
  2 jackals
  4 quokkas
  5 ball pythons
  4 frilled lizards
  7 kobolds
  4 rats
67 creatures vanquished.

Vanquished Creatures (others)
  4 toadstools (D:2)
4 creatures vanquished.

Grand Total: 71 creatures vanquished

Notes
Turn   | Place    | Note
-------+----------+-------------------------------------------
     0 | D:1      | Atelerd the Octopode Earth Elementalist began the quest for
                  | the Orb.
     0 | D:1      | Reached XP level 1. HP: 11/11 MP: 3/3
   222 | D:1      | Reached XP level 2. HP: 17/17 MP: 0/5
   790 | D:1      | Reached XP level 3. HP: 21/21 MP: 2/6
  1179 | D:2      | Found a faded altar of an unknown god.
  1323 | D:2      | Found a shimmering blue altar of Sif Muna.
  1346 | D:2      | Became a worshipper of Sif Muna the Loreminder
  1910 | D:2      | Reached XP level 4. HP: 16/27 MP: 8/8
  2436 | D:3      | Noticed Sigmund
  2438 | D:3      | Noticed Jessica
  2596 | D:3      | Found a bloodstained altar of Trog.
  2628 | D:3      | Learned a level 4 spell: Petrify
  3054 | D:4      | Found a white marble altar of Elyvilon.
  3071 | D:4      | Reached XP level 5. HP: 27/31 MP: 6/9
  3257 | D:4      | Noticed Grinder
  3269 | D:4      | Paralysed by Grinder for 6 turns
  3281 | D:4      | Killed Grinder
  3282 | D:4      | Reached XP level 6. HP: 17/36 MP: 1/11
  3636 | D:4      | Found an opulent altar of Gozag.
  3736 | D:4      | Reached * piety under Sif Muna
  3851 | D:4      | Noticed Edmund
  3902 | D:4      | Slain by Edmund

Illustrated notes

Levels and vault maps discovered:
D:1:      lightli_arrival_lavapool, layout_rooms, serial_corexii_hall,
          chequers_hall_statues_y, corexii_hall_statues_t,
          corexii_hall_statues_deadend, corexii_hall_statues_s,
          minmay_pentomino_p2
D:2:      layout_basic, basic_altar, ebering_ecumenical_altar_mist,
          st_stairs_13, minmay_liquid_box, minmay_gold_behind_fungi
D:3:      layout_rooms, lemuel_crystal_altar, bloody_trog, uniq_jessica,
          uniq_sigmund
D:4:      layout_basic, grunt_gozag_statues,
          mainiacjoe_overflow_small_starburst, temple_doors_ab,
          chequers_mini_garden, uniq_ijyb, uniq_grinder, uniq_edmund

Skill      XL: |  1  2  3  4  5  6 |
---------------+-------------------+-----
Transmutations | 2 3 4 |  4.0
Spellcasting   | 3 4 |  4.0
Earth Magic    | 4 |  4.9
Dodging        | |  2.0
Stealth        | |  2.6

Action                   |  1- 3 |  4- 6 || total
-------------------------+-------+-------++-------
Melee: Unarmed           |     5 |       ||     5
       Tentacles         |     8 |     6 ||    14
       Constrict         |    13 |     7 ||    20
       Dagger            |     7 |       ||     7
       Short sword       |    26 |    26 ||    52
       Falchion          |     4 |       ||     4
 Cast: Sandblast         |    35 |    44 ||    79
       Petrify           |       |     2 ||     2
  Use: Potion            |       |     2 ||     2
 Stab: Sleeping          |     2 |     3 ||     5
       Petrified         |       |     6 ||     6
Armor: Skin              |     5 |     1 ||     6
Dodge: Dodged            |    35 |    27 ||    62
